 Dungeon Crawl Stone Soup version 0.27-a0-385-g3208abaabc (webtiles) character file.

Game seed: 2947005680481800080

43 tygod the Cutter (level 3, 0/26 HPs)
             Began as a Halfling Monk on Feb 18, 2021.
             Killed from afar by Sigmund (11 damage)
             ... with a puff of flame
             ... on level 2 of the Dungeon.
             The game lasted 00:03:01 (1477 turns).

tygod the Cutter (Halfling Monk)                    Turns: 1477, Time: 00:03:02

Health: 0/26       AC: 10    Str: 13    XL:     3   Next: 82%
Magic:  3/3        EV: 13    Int:  8    God:
Gold:   27         SH:  0    Dex: 16    Spells: 2/2 levels left

rFire    . . .     SeeInvis .   a - +0 short sword
rCold    . . .     Faith    .   (shield restricted)
rNeg     . . .     Spirit   .   l - +4 scale mail
rPois    .         Reflect  .   (no helmet)
rElec    .         Harm     .   (no cloak)
rCorr    .         Rampage  .   (no gloves)
Will     .....                  (no boots)
Stlth    +.........             (no amulet)
HPRegen  0.08/turn              (no ring)
MPRegen  0.08/turn              (no ring)

@: no status effects
A: small, mutation resistance 1
a: no special abilities


You were on level 2 of the Dungeon.
You visited 1 branch of the dungeon, and saw 2 of its levels.

You collected 27 gold pieces.

Inventory:

Hand Weapons
 a - a +0 short sword (weapon)
Missiles
 f - 69 stones (quivered)
 m - 17 bolts
Armour
 b - a +0 robe
 c - a +0 leather armour
 l - a +4 scale mail (worn)
Scrolls
 e - a scroll of fear {unknown}
 k - a scroll of identify
Potions
 d - a potion of flight {unknown}
 i - a potion of invisibility {unknown}
 j - a potion of mutation {unknown}


   Skills:
 + Level 3.1 Fighting
 + Level 4.1 Short Blades
 + Level 0.4 Armour
 + Level 3.9 Dodging
 + Level 2.4 Stealth


You had 2 spell levels left.
You didn't know any spells.
Your spell library was empty.

Dungeon Overview and Level Annotations

Branches:
Dungeon (2/15)

Altars:
Uskayaw

Annotations:
D:2 Sigmund


Innate Abilities, Weirdness & Mutations

You are small and have problems with some larger weapons.
You are somewhat resistant to further mutation.


Message History

Sigmund is moderately wounded.
Sigmund barely misses you.
You hit Sigmund.
Sigmund is moderately wounded.
You hit Sigmund.
Sigmund is heavily wounded.
Sigmund points at himself and mumbles some strange words.
Sigmund flickers and vanishes!
Deactivating autopickup; reactivate with Ctrl-A.
No target in view!
No target in view!
No target in view!
No target in view!
No target in view!
No target in view!
No target in view!
No target in view!
No target in view!
No target in view!
No target in view!
No target in view!
No target in view!
No target in view!
No target in view!
You hit something but do no damage.
You hear some strange, mumbled words.
A puff of flame appears from out of thin air!
The puff of flame misses you.
You closely miss something. You barely miss something. Something hits you.
You hit something. You hit something. Something hits you but does no damage.
You hit something but do no damage. You hit something. Something hits you.
You hit something. You barely miss something.
You hear some strange, mumbled words.
A puff of flame appears from out of thin air!
The puff of flame hits you!
You die...

### #.. ########
#§##### #....>.#######
#§§§..# .............#
#§### ######.#####.#
##§§.# # #.#
#.#######....#.#.. #
#.# #....@{(.._.......
######.###
######.#....######
.........## #.#.§.##
######....#######.###.#
#..........#.. ..#
##...###.#.### #.#
##.## #.# #.# #.# #†#


There were no monsters in sight!

Vanquished Creatures
  An adder (D:2)
  A worm (D:2)
  A dart slug (D:1)
  A ball python (D:1)
  3 bats
  5 goblins
  3 hobgoblins (D:1)
  4 jackals
  4 frilled lizards (D:1)
  2 kobolds (D:1)
  4 rats (D:1)
29 creatures vanquished.

Notes
Turn   | Place    | Note
-------+----------+-------------------------------------------
     0 | D:1      | tygod the Halfling Monk began the quest for the Orb.
     0 | D:1      | Reached XP level 1. HP: 15/15 MP: 1/1
   238 | D:1      | Reached XP level 2. HP: 20/20 MP: 2/2
   776 | D:1      | Reached XP level 3. HP: 18/26 MP: 3/3
  1112 | D:2      | Reached skill level 4 in Short Blades
  1425 | D:2      | Found a hide-covered altar of Uskayaw.
  1438 | D:2      | Noticed Sigmund
  1477 | D:2      | Killed from afar by Sigmund

Illustrated notes

Levels and vault maps discovered:
D:1:      heliophobic_arrival_battle_scene, layout_basic
D:2:      layout_loops_ring, nicolae_overflow_crystal_walls,
          nicolae_overflow_hidden_temple, uniq_sigmund

Skill      XL: |  1  2  3 |
---------------+----------+-----
Fighting       | 3 |  3.1
Short Blades   | 4 |  4.1
Armour         | |  0.4
Dodging        | |  3.9
Stealth        | |  2.4

Action                   || total
-------------------------++-------
Melee: Short sword       ||   171
Throw: Stone             ||     1
  Use: Scroll            ||     2
       Potion            ||     1
 Stab: Sleeping          ||     3
Armor: Robe              ||     1
       Leather armour    ||    16
       Scale mail        ||    27
Dodge: Dodged            ||   113

Table legend: (Time is in decaauts)
 A = Elapsed time spent in this place.
 B = Non-inter-level travel time spent in this place.
 C = Inter-level travel time spent in this place.
 D = Time resting spent in this place.
 E = Time spent auto-exploring this place.
 F = Levels seen in this place.
 G = Mean time per level.
                   A        B        C        D        E       F      G
               +--------+--------+--------+--------+--------+-----+--------+
         Total |   1462 |   1332 |    130 |    381 |    579 |   2 |  731.0 |
       Dungeon |   1462 |   1332 |    130 |    381 |    579 |   2 |  731.0 |
               +--------+--------+--------+--------+--------+-----+--------+

Top non-repeatable levels by time:
     D:1: 1157 daAuts
     D:2: 305 daAuts
